 Dungeon Crawl Stone Soup version 0.29-a0-40-g8eb35efe60 (webtiles) character file.

Game seed: 755570633290346525

2020 lunkers the Spear-Bearer (level 9, -4/71 HPs)
             Began as a Merfolk Gladiator on Feb 2, 2022.
             Slain by a gnoll sergeant (6 damage)
             ... on level 5 of the Dungeon.
             The game lasted 00:09:30 (6709 turns).

lunkers the Spear-Bearer (Merfolk Gladiator)        Turns: 6709, Time: 00:09:30

Health: -4/71      AC:  5    Str: 14    XL:     9   Next: 23%
Magic:  9/9        EV: 21    Int:  8    God:
Gold:   173        SH:  0    Dex: 19    Spells: 8/8 levels left

rFire   + . .      SeeInvis .   a - +1 trident
rCold   . . .      Faith    .   (no shield)
rNeg    . . .      Spirit   .   b - +0 leather armour
rPois   .          Reflect  .   e - +1 helmet
rElec   .          Harm     .   (no cloak)
rCorr   .          Rampage  .   (no gloves)
Will    .....                   (no boots)
Stlth   +.........              (no amulet)
HPRegen 0.21/turn               m - +4 ring of evasion
MPRegen 0.11/turn               r - ring of protection from fire

@: no status effects
A: (nimble swimmer 2), mertail
a: no special abilities


You were on level 5 of the Dungeon.
You visited 1 branch of the dungeon, and saw 6 of its levels.

You collected 173 gold pieces.

Inventory:

Hand Weapons
 a - a +1 trident (weapon)
 u - a +2 dagger of venom
Missiles
 d - 3 throwing nets
Armour
 b - a +0 leather armour (worn)
 e - a +1 helmet (worn)
 o - a +0 kite shield
Jewellery
 k - a ring of flight
 m - a +4 ring of evasion (left hand)
 n - a ring of see invisible
 r - a ring of protection from fire (right hand)
Wands
 c - a wand of flame (12)
 i - a wand of iceblast (13)
 j - a wand of acid (1)
 v - a wand of paralysis (2)
Potions
 f - a potion of flight
 g - 3 potions of lignification
 h - a potion of cancellation {unknown}
 l - a potion of magic {unknown}
 p - a potion of curing {unknown}


   Skills:
 + Level 6.5 Fighting
 * Level 13.0 Polearms
 - Level 2.0 Throwing
 + Level 8.4 Dodging


You had 8 spell levels left.
You didn't know any spells.
Your spell library contained the following spells:

 Spells                   Type           Power      Damage    Failure   Level
 Gell's Gravitas          Tloc           0%         N/A       86%         3
 Lesser Beckoning         Tloc           0%         N/A       86%         3
 Portal Projectile        Hex/Tloc       0%         N/A       86%         3
 Teleport Other           Tloc           0%         N/A       86%         3
 Blade Hands              Tmut           0%         N/A       100%        5
 Excruciating Wounds      Necr           0%         N/A       100%        5


Dungeon Overview and Level Annotations

Branches:
Dungeon (6/15)
 Temple: D:4-7

Altars:
Kikubaaqudgha
Sif Muna

Shops:
D:5 [


Innate Abilities, Weirdness & Mutations

((You are very nimble when in or above water. (Stealth+, EV+, Speed+++)))
Your lower body shifts to a powerful aquatic tail in water.


Message History

You hit the gnoll sergeant but do no damage.
Unknown command.
Reach: a) +1 trident
Press: ? - help, Dir - move target, f/p - gnoll sergeant
Aim: a gnoll sergeant, wielding a +0 trident, wearing a +0 chain mail and wearing a +0 kite shield (about 19% to evade your +1 trident)
You reach to attack!
You puncture the gnoll sergeant!
The gnoll sergeant is moderately wounded.
The gnoll sergeant misses you.
Reach: a) +1 trident
Press: ? - help, Dir - move target, f/p - gnoll sergeant
Aim: a gnoll sergeant, wielding a +0 trident, wearing a +0 chain mail and wearing a +0 kite shield (moderately wounded, about 19% to evade your +1 trident)
You reach to attack!
You hit the gnoll sergeant.
The gnoll sergeant is heavily wounded.
The gnoll sergeant barely misses you.
Reach: a) +1 trident
Press: ? - help, Dir - move target, f/p - gnoll sergeant
Aim: a gnoll sergeant, wielding a +0 trident, wearing a +0 chain mail and wearing a +0 kite shield (heavily wounded, about 19% to evade your +1 trident)
You reach to attack!
You hit the gnoll sergeant but do no damage.
The gnoll sergeant is heavily wounded.
Reach: a) +1 trident
Press: ? - help, Dir - move target, f/p - gnoll sergeant
Aim: a gnoll sergeant, wielding a +0 trident, wearing a +0 chain mail and wearing a +0 kite shield (heavily wounded, about 19% to evade your +1 trident)
You reach to attack!
The gnoll sergeant blocks your attack.
The gnoll sergeant is heavily wounded.
The gnoll sergeant hits you from afar with a +0 trident!
* * * LOW HITPOINT WARNING * * *
Reach: a) +1 trident
Press: ? - help, Dir - move target, f/p - gnoll sergeant
Aim: a gnoll sergeant, wielding a +0 trident, wearing a +0 chain mail and wearing a +0 kite shield (heavily wounded, about 19% to evade your +1 trident)
You reach to attack!
The gnoll sergeant blocks your attack.
The gnoll sergeant is heavily wounded.
Unknown command.
Reach: a) +1 trident
Press: ? - help, Dir - move target, f/p - gnoll sergeant
Aim: a gnoll sergeant, wielding a +0 trident, wearing a +0 chain mail and wearing a +0 kite shield (heavily wounded, about 19% to evade your +1 trident)
You reach to attack!
You puncture the gnoll sergeant!
The gnoll sergeant is severely wounded.
The gnoll sergeant hits you from afar with a +0 trident.
You die...

.#...... ### #..........#..
#########. ..# #..........# .
.## #. #.# #..........# ..# #.
#.# ##........## #.# #.
#.###............ #.#
#.##...............# #.##
#.....))g[.........# #..###
##...##...........##
##...####..#.##.@.........#
####.##...#...............######
#†...#...###.........#.#....#
##.#...#####.#..#...##......#
.....######.........##......#
...................?..#....####
...##.....###...##.......#.....#
.## #.........#........#..<#
#.....#####.......##.###


You could see a gnoll sergeant.

Vanquished Creatures
  Pikel (D:4)
  Eustachio (D:6)
  An orc warrior (D:4)
  An ice beast (D:6)
  A necrophage (D:6)
  An ogre (D:6)
  A lemure (D:4)
  A phantom (D:4)
  A gnoll sergeant (D:5)
  A bullfrog (D:4)
  3 scorpions (D:6)
  A water moccasin skeleton (D:2)
  4 jellies
  2 hounds
  2 orc priests (D:5)
  A centaur skeleton (D:5)
  An orc wizard (D:5)
  Ijyb (D:3)
  Terence (D:2)
  5 iguanas
  Robin (D:3)
  4 adders
  2 ufetubi
  3 worms (D:2)
  10 dart slugs
  11 orcs
  4 bats
  6 endoplasms
  5 giant cockroaches
  12 goblins
  15 hobgoblins
  4 jackals
  6 quokkas
  6 ball pythons
  A frilled lizard (D:1)
  9 kobolds
  5 rats
135 creatures vanquished.

Notes
Turn   | Place    | Note
-------+----------+-------------------------------------------
     0 | D:1      | lunkers the Merfolk Gladiator began the quest for the Orb.
     0 | D:1      | Reached XP level 1. HP: 16/16 MP: 1/1
   106 | D:1      | Reached skill level 5 in Polearms
   196 | D:1      | Reached XP level 2. HP: 22/22 MP: 2/2
   367 | D:1      | Reached skill level 6 in Polearms
   367 | D:1      | Reached XP level 3. HP: 27/27 MP: 3/3
  1313 | D:2      | Reached XP level 4. HP: 34/34 MP: 4/4
  1397 | D:2      | Found a faded altar of an unknown god.
  1517 | D:2      | Found an ancient bone altar of Kikubaaqudgha.
  1714 | D:2      | Reached skill level 7 in Polearms
  1827 | D:2      | Reached XP level 5. HP: 24/40 MP: 5/5
  2130 | D:2      | Noticed Terence
  2151 | D:2      | Killed Terence
  2508 | D:3      | Reached skill level 8 in Polearms
  2654 | D:3      | Noticed Robin
  2681 | D:3      | Killed Robin
  2682 | D:3      | Reached skill level 5 in Dodging
  2686 | D:3      | Reached XP level 6. HP: 21/47 MP: 6/6
  3184 | D:3      | Noticed Ijyb
  3190 | D:3      | Killed Ijyb
  3757 | D:4      | Noticed Pikel
  3793 | D:4      | HP: 2/47 [Pikel (5)]
  3794 | D:4      | Killed Pikel
  3795 | D:4      | Reached skill level 10 in Polearms
  3795 | D:4      | Reached XP level 7. HP: 2/55 MP: 7/7
  4203 | D:4      | You are sucked into a shaft and drop 2 floors!
  4231 | D:6      | Reached XP level 8. HP: 51/61 MP: 8/8
  4330 | D:6      | Reached skill level 5 in Fighting
  4376 | D:6      | Reached skill level 11 in Polearms
  4436 | D:5      | Entered Level 5 of the Dungeon
  4436 | D:5      | Noticed Eustachio
  4498 | D:6      | Killed Eustachio
  4854 | D:5      | Found Gayps's Antique Armour Shoppe.
  5118 | D:5      | Reached skill level 12 in Polearms
  5255 | D:4      | Reached XP level 9. HP: 40/69 MP: 9/9
  5708 | D:4      | Found a shimmering blue altar of Sif Muna.
  6703 | D:5      | Reached skill level 13 in Polearms
  6707 | D:5      | HP: 2/71 [gnoll sergeant (17)]
  6709 | D:5      | Slain by a gnoll sergeant

Illustrated notes

Levels and vault maps discovered:
D:1:      minmay_arrival_four_circles, layout_basic
D:2:      layout_loops_ring, basic_altar,
          shapermc_ecumenical_altar_totnotflames, uniq_terence
D:3:      layout_rooms, serial_rivers, chequers_serial_rivers_small_b,
          chequers_serial_rivers_room_b, chequers_serial_rivers_small_a,
          chequers_serial_rivers_marsh, chequers_serial_rivers_micro_a,
          chequers_serial_rivers_large_b, chequers_serial_rivers_marsh,
          uniq_robin, uniq_ijyb
D:4:      cheibrodos_barr_body, layout_loops_corners, lemuel_tele_altar,
          uniq_pikel
D:5:      layout_rooms, lemuel_temple_firewalk_b, serial_shops,
          nicolae_lakefront_shop, sword_in_stone
D:6:      layout_loops_ring

Skill      XL: |  1  2  3  4  5  6  7  8  9 |
---------------+----------------------------+-----
Polearms       | 5 6 7 8 10 12 13 | 13.0
Fighting       | 3 4 6 |  6.5
Dodging        | 5 6 8 |  8.4
Throwing       | |  2.0

Action                   |  1- 3 |  4- 6 |  7- 9 || total
-------------------------+-------+-------+-------++-------
Melee: Trident           |   123 |   187 |   257 ||   567
       Punch             |     4 |     4 |     5 ||    13
Evoke: Wand              |       |     5 |     6 ||    11
  Use: Scroll            |       |     5 |     6 ||    11
 Stab: Sleeping          |     2 |     2 |     1 ||     5
       Paralysed         |       |       |     5 ||     5
       Distracted        |       |       |     1 ||     1
Armor: Leather armour    |    22 |    37 |    23 ||    82
Dodge: Dodged            |    62 |    99 |   105 ||   266

Table legend: (Time is in decaauts)
 A = Elapsed time spent in this place.
 B = Non-inter-level travel time spent in this place.
 C = Inter-level travel time spent in this place.
 D = Time resting spent in this place.
 E = Time spent auto-exploring this place.
 F = Levels seen in this place.
 G = Mean time per level.
                   A        B        C        D        E       F      G
               +--------+--------+--------+--------+--------+-----+--------+
         Total |   6564 |   6386 |    178 |    613 |   4740 |   6 | 1094.0 |
       Dungeon |   6564 |   6386 |    178 |    613 |   4740 |   6 | 1094.0 |
               +--------+--------+--------+--------+--------+-----+--------+

Top non-repeatable levels by time:
     D:4: 1909 daAuts
     D:2: 1632 daAuts
     D:1: 1060 daAuts
     D:3: 873 daAuts
     D:6: 547 daAuts
     D:5: 540 daAuts
